 Dungeon Crawl Stone Soup version 0.30-a0-586-g23e55c9e0a (webtiles) character file.

Game seed: 1363366056699592112

630 Bnni the Vexing (level 7, -3/50 (52) HPs)
             Began as a Formicid Hexslinger on Jan 3, 2023.
             Killed by an exploding Edmund (49 damage)
             ... ignited by their inner flame
             ... on level 4 of the Dungeon.
             The game lasted 00:11:00 (5313 turns).

Bnni the Vexing (Formicid Hexslinger)               Turns: 5313, Time: 00:11:00

HP:   -3/50 (52)    AC:  3    Str: 15    XL:     7   Next: 77%
MP:   5/11          EV: 12    Int: 14    God:
Gold: 67            SH:  5    Dex: 14    Spells: 3/11 levels left

rFire   . . .      SeeInvis +    a - +1 sling
rCold   . . .      Faith    .    (no shield)
rNeg    . . .      Spirit   .    c - +0 robe
rPois   .          Reflect  +    (helmet unavailable)
rElec   .          Harm     .    (no cloak)
rCorr   .          Rampage  .    g - +0 pair of gloves
Will    .....                    (no boots)
Stlth   +                        l - amulet of reflection
HPRegen 0.28/turn                (no ring)
MPRegen 0.12/turn                (no ring)

@: lightly drained
A: permanent stasis, dig shafts and tunnels, antennae 3, four strong arms
a: Dig, Shaft Self


You were on level 4 of the Dungeon.
You visited 1 branch of the dungeon, and saw 5 of its levels.

You collected 197 gold pieces.
You spent 130 gold pieces at shops.

Inventory:

Hand Weapons
 a - a +1 sling (weapon)
 o - the +11 flail of the Shimmering Gods {drain, Drain Will+++ rCorr Dex-5}
   (You found it on level 5 of the Dungeon)

   A truly terrible weapon, it drains the life of any living foe it strikes.
   Dex:       It affects your dexterity (-5).
   rCorr:     It protects you from acid and corrosion.
   Drain:     It drains your maximum health when unequipped.
   Will:      It greatly increases your willpower.
 q - a +0 dagger of venom
Armour
 c - a +0 robe (worn)
 g - a +0 pair of gloves (worn)
Jewellery
 l - an amulet of reflection (around neck)
Scrolls
 b - 2 scrolls of poison
 d - 3 scrolls of immolation
 e - 2 scrolls of enchant weapon {unknown}
 n - a scroll of fear {unknown}
Potions
 f - 2 potions of lignification
 h - a potion of curing
 i - a potion of ambrosia
 k - a potion of berserk rage
 m - a potion of cancellation
 p - a potion of might {unknown}


   Skills:
 + Level 3.0 Fighting
 * Level 4.3 Ranged Weapons
 - Level 1.7 Dodging
 + Level 2.7 Spellcasting
 * Level 6.1 Hexes
 * Level 1.5 Translocations
 - Level 3.0 Fire Magic


You had 3 spell levels left.
You knew the following spells:

 Your Spells              Type           Power      Damage    Failure   Level
a - Slow                  Hex            72%        N/A       1%          1
b - Inner Flame           Hex/Fire       14%        N/A       11%         3
d - Cause Fear            Hex            9%         N/A       19%         4

Your spell library contained the following spells:

 Spells                   Type           Power      Damage    Failure   Level
 Portal Projectile        Hex/Tloc       24%        N/A       14%         3
 Vhi's Electric Charge    Tloc/Air       8%         N/A       43%         3
 Arcjolt                  Conj/Air       0%         1d10      99%         5
 Maxwell's Capacitive Co  Air            0%         ∞         100%        8


Dungeon Overview and Level Annotations

Branches:
Dungeon (5/15)
 Temple: D:4-7

Altars:

Shops:
D:2 *

Annotations:
D:5 Eustachio


Innate Abilities, Weirdness & Mutations

You cannot be hasted, slowed, berserked, paralysed or teleported.
You can dig through walls and to a lower floor.
You have a pair of large antennae on your head. (SInv)
Your four strong arms can wield two-handed weapons with a shield.


Message History

Edmund seems to slow down.
You block Edmund's attack.
Edmund's inner flame fades away.
You see here a +0 club.
Edmund says, "Everyone always remembers my brother. 'Who's Edmund?' they ask!"
Casting: Slow (safe; 1% risk of failure)
Confirm with . or Enter, or press ? or * to list all spells.
Aiming: Inner Flame (dangerous; 11% risk of failure)
Press: ? - help, Dir - move target, f/p - Edmund
Aim: Edmund, wielding a +1 heavy flail and wearing a +0 scale mail (slow, chance to affect: 67%) Edmund is filled with an inner flame.
You shoot a sling bullet. The sling bullet closely misses Edmund.
You shoot a sling bullet. The sling bullet closely misses Edmund.
Edmund is no longer moving slowly.
You shoot a sling bullet. The sling bullet hits Edmund!
Flame seeps out of Edmund.
Edmund is lightly wounded.
Edmund is engulfed in blazing flames.
Flame seeps out of Edmund.
Edmund says, "People think my brother is the best.
I think he's crazy."
Casting: Inner Flame (dangerous; 11% risk of failure)
Confirm with . or Enter, or press ? or * to list all spells.
Aiming: Slow (safe; 1% risk of failure)
Press: ? - help, Shift-Dir - straight line, f/p - Edmund
Aim: Edmund, wielding a +1 heavy flail and wearing a +0 scale mail (heavily wounded, inner flame, chance to affect: 50%) Edmund resists with significant effort.
Casting: Slow (safe; 1% risk of failure)
Confirm with . or Enter, or press ? or * to list all spells.
Aiming: Slow (safe; 1% risk of failure)
Press: ? - help, Shift-Dir - straight line, f/p - Edmund
Aim: Edmund, wielding a +1 heavy flail and wearing a +0 scale mail (heavily wounded, inner flame, chance to affect: 50%) Edmund seems to slow down.
You shoot a sling bullet. The sling bullet closely misses Edmund.
You shoot a sling bullet. The sling bullet hits Edmund.
Flame seeps out of Edmund.
Edmund is heavily wounded.
Edmund is engulfed in blazing flames.
Flame seeps out of Edmund.
You shoot a sling bullet. The sling bullet hits Edmund!
Edmund explodes!
The fiery explosion engulfs you!!!
Ouch! That really hurt!
You die...

.....### #.........)......#.
..##<# #.........##....... .....#
#.........##....... .....#
#.#.#.....###..#### .##.##
#.#......####..# ..#.#
#.#............#
....###########......#.####.#####
..............§§§..#.#.###.......
..............°§@#.#.#.....#.###.
.....###########.#.#.#######.# #)
.....# #####.##.#........##.# #)
.....# #........#.######.##># #.
.....# #............# #.##.# ##
.....# #......###.#.# #.##.#
.....####..........#.####.##.# ##
.......).....)######....)..#.###.
.....###..................##.....


There were no monsters in sight!

Vanquished Creatures
  Edmund (D:4)
  An orc warrior (D:5)
  2 ogres
  A gnoll sergeant (D:5)
  A hound (D:5)
  Jessica (D:3)
  2 iguanas (D:4)
  2 orc wizards
  3 gnolls (D:4)
  5 adders
  A worm (D:3)
  A dart slug (D:3)
  17 orcs
  3 endoplasms
  A giant cockroach (D:3)
  8 goblins
  6 hobgoblins
  5 jackals
  4 kobolds
  2 quokkas
  2 ball pythons (D:4)
  A bat (D:2)
  A frilled lizard (D:2)
  7 rats
78 creatures vanquished.

Notes
Turn   | Place    | Note
-------+----------+-------------------------------------------
     0 | D:1      | Bnni the Formicid Hexslinger began the quest for the Orb.
     0 | D:1      | Reached XP level 1. HP: 15/15 MP: 2/2
    92 | D:1      | Reached XP level 2. HP: 16/21 MP: 3/3
  1060 | D:2      | Found Molluty Tasa's Assorted Antiques.
  1297 | D:2      | Reached skill level 4 in Hexes
  1621 | D:2      | Reached skill level 1 in Fire Magic
  1621 | D:2      | Reached XP level 3. HP: 26/26 MP: 5/5
  1625 | D:2      | Learned a level 3 spell: Inner Flame
  1968 | D:3      | Noticed Jessica
  1986 | D:3      | Killed Jessica
  1987 | D:3      | Reached XP level 4. HP: 6/33 MP: 4/6
  2249 | D:3      | Reached XP level 5. HP: 31/38 MP: 7/7
  2674 | D:2      | Bought a small jasper amulet for 130 gold pieces
  3340 | D:4      | Noticed an ogre
  3599 | D:4      | Killed an ogre
  3600 | D:4      | Reached skill level 5 in Hexes
  3600 | D:4      | Reached XP level 6. HP: 44/44 MP: 1/9
  4040 | D:4      | Learned a level 4 spell: Cause Fear
  4586 | D:5      | Entered Level 5 of the Dungeon
  4613 | D:5      | Reached XP level 7. HP: 41/51 MP: 10/10
  4617 | D:5      | Identified the +11 flail of the Shimmering Gods {drain,
                  | Drain Will+++ rCorr Dex-5}
  4773 | D:5      | Reached skill level 1 in Translocations
  4815 | D:5      | Reached skill level 6 in Hexes
  5025 | D:5      | Noticed Eustachio
  5052 | D:5      | Noticed Edmund
  5313 | D:4      | Killed Edmund
  5313 | D:4      | Killed by an exploding Edmund... ignited by their inner
                  | flame

Illustrated notes

Levels and vault maps discovered:
D:1:      spicycebolla_arrival_ecumenical, layout_loops_ring
D:2:      layout_basic, serial_shops, shop, minmay_misc_feat_columns,
          hangedman_decor_peaks_small
D:3:      layout_basic, uniq_jessica
D:4:      layout_basic
D:5:      layout_cave_pools, grunt_temple_overflow_order_and_chaos_2,
          minmay_temple_entry_stoned_glass, sword_in_stone, uniq_prince_ribbit1,
          uniq_edmund, uniq_ijyb

Skill      XL: |  1  2  3  4  5  6  7 |
---------------+----------------------+-----
Hexes          | 4 5 6 |  6.1
Fire Magic     | 1 2 3 |  3.0
Ranged Weapons | 3 4 |  4.3
Fighting       | 2 3 |  3.0
Spellcasting   | 2 |  2.7
Translocations | 1 |  1.5
Dodging        | |  1.7

Action                   |  1- 3 |  4- 6 |  7- 9 || total
-------------------------+-------+-------+-------++-------
Melee: Whip              |       |    12 |       ||    12
       Dagger            |       |     8 |     2 ||    10
       Punch             |       |     1 |       ||     1
 Fire: Sling             |   103 |   159 |    50 ||   312
Throw: Dart              |       |     1 |     5 ||     6
 Cast: Slow              |     4 |    15 |    13 ||    32
       Inner Flame       |       |     8 |     7 ||    15
       Cause Fear        |       |       |     4 ||     4
 Abil: Dig               |       |       |     1 ||     1
  Use: Scroll            |     5 |     2 |       ||     7
       Potion            |       |       |     1 ||     1
Armor: Robe              |     9 |     8 |     5 ||    22
Dodge: Dodged            |    46 |    45 |    19 ||   110
Block: Other             |       |    14 |     8 ||    22

Table legend: (Time is in decaauts)
 A = Elapsed time spent in this place.
 B = Non-inter-level travel time spent in this place.
 C = Inter-level travel time spent in this place.
 D = Time resting spent in this place.
 E = Time spent auto-exploring this place.
 F = Levels seen in this place.
 G = Mean time per level.
                   A        B        C        D        E       F      G
               +--------+--------+--------+--------+--------+-----+--------+
         Total |   5389 |   5058 |    331 |    842 |   3311 |   5 | 1077.8 |
       Dungeon |   5389 |   5058 |    331 |    842 |   3311 |   5 | 1077.8 |
               +--------+--------+--------+--------+--------+-----+--------+

Top non-repeatable levels by time:
     D:3: 1647 daAuts
     D:4: 1398 daAuts
     D:2: 1077 daAuts
     D:1: 764 daAuts
     D:5: 503 daAuts
